 Dungeon Crawl Stone Soup version 0.30-a0-424-g7412bad402 (webtiles) character file.

Game seed: 12310223285978070341

10 Pooter the Trooper (level 2, -2/27 HPs)
             Began as a Minotaur Fighter on Dec 10, 2022.
             Slain by a kobold
             ... wielding a +2 whip of electrocution
              (11 damage)
             ... on level 1 of the Dungeon.
             The game lasted 00:01:14 (127 turns).

Pooter the Trooper (Minotaur Fighter)                Turns: 127, Time: 00:01:15

Health: -2/27      AC:  6    Str: 20    XL:     2   Next: 10%
Magic:  1/1        EV:  9    Int:  5    God:
Gold:   7          SH:  4    Dex:  9    Spells: 1/1 levels left

rFire   . . .      SeeInvis .    a - +0 war axe
rCold   . . .      Faith    .    c - +0 buckler
rNeg    . . .      Spirit   .    b - +0 scale mail
rPois   .          Reflect  .    (helmet restricted)
rElec   .          Harm     .    (no cloak)
rCorr   .          Rampage  .    (no gloves)
Will    .....                    (no boots)
Stlth   ..........               (no amulet)
HPRegen 0.24/turn                (no ring)
MPRegen 0.07/turn                (no ring)

@: no status effects
A: horns 2, retaliatory headbutt
a: no special abilities


You were on level 1 of the Dungeon.
You visited 1 branch of the dungeon, and saw 1 of its levels.

You collected 7 gold pieces.

Inventory:

Hand Weapons
 a - a +0 war axe (weapon)
Armour
 b - a +0 scale mail (worn)
 c - a +0 buckler (worn)
Potions
 d - a potion of might
 e - a potion of flight {unknown}


   Skills:
 + Level 3.9 Fighting
 * Level 3.2 Axes
 - Level 3.6 Armour
 - Level 3.6 Shields


You had one spell level left.
You didn't know any spells.
Your spell library was empty.

Dungeon Overview and Level Annotations

Branches:
Dungeon (1/15)

Altars:


Innate Abilities, Weirdness & Mutations

You have a pair of horns on your head.
You reflexively headbutt those who attack you in melee.


Message History

You barely miss the giant cockroach.
Your headbutt misses the giant cockroach.
You hit the jackal. The jackal closely misses you.
The giant cockroach bites you but does no damage.
The jackal bites you but does no damage.
You block the goblin's attack.
The giant cockroach bites you but does no damage.
You closely miss the jackal. Your headbutt misses the jackal.
You hit the giant cockroach. You barely miss the goblin.
You block the jackal's attack. The giant cockroach barely misses you.
The goblin hits you but does no damage. The jackal closely misses you.
You furiously retaliate!
You headbutt the jackal.
You kill the jackal!
Your Axes skill increases to level 3!
You slash the giant cockroach!
You kill the giant cockroach!
You closely miss the goblin. The goblin hits you but does no damage.
You hit the goblin. The goblin hits you with a +0 dagger.
The goblin hits you but does no damage.
You closely miss the goblin. You headbutt the goblin.
You kill the goblin!
You have reached level 2!
You see here a +0 dagger.
A goblin comes into view. It is wielding a +0 dagger.
The goblin shouts!
The goblin barely misses you. You furiously retaliate!
You headbutt the goblin!
You kill the goblin!
No target in view!
No target in view!
You open the door.
Found a stone staircase leading down.
A kobold comes into view.
It is wielding a +2 whip of electrocution.
The kobold shouts!
You hit the kobold but do no damage. You headbutt the kobold.
The kobold hits you with a +2 whip of electrocution.
You are electrocuted!
Ouch! That really hurt!
* * * LOW HITPOINT WARNING * * *
You are too injured to fight recklessly!
You hit the kobold but do no damage.
The kobold hits you with a +2 whip of electrocution.
* * * LOW HITPOINT WARNING * * *
You block the kobold's attack.
You hit the kobold but do no damage. Your headbutt misses the kobold.
The kobold hits you with a +2 whip of electrocution.
* * * LOW HITPOINT WARNING * * *
You barely miss the kobold. Your headbutt misses the kobold.
The kobold hits you but does no damage.
You are electrocuted!
You die...

.................#.~≈
...............##.#
.##.#...............#
....#...............### #
......................#.#
........######..##.)..#.#.
........### #'###........
....#.....# ### #....##..
.#. #...#@# ##...## . #
#...#K# #....# #...#..
#....# #.....>. ##...#
.......#P #...#
.#.#....##. ##...#
.........# ## ##....#
.....# ####.....#
........####


You could see a kobold.

Vanquished Creatures
  A giant cockroach (D:1)
  2 goblins (D:1)
  4 jackals (D:1)
  A bat (D:1)
8 creatures vanquished.

Notes
Turn   | Place    | Note
-------+----------+-------------------------------------------
     0 | D:1      | Pooter the Minotaur Fighter began the quest for the Orb.
     0 | D:1      | Reached XP level 1. HP: 19/19 MP: 0/0
     1 | D:1      | Noticed an electric eel
    61 | D:1      | Reached XP level 2. HP: 23/27 MP: 1/1
   127 | D:1      | Slain by a kobold

Illustrated notes

Levels and vault maps discovered:
D:1:      arrival_aquarium_a, layout_basic, serial_shops,
          nicolae_lakefront_shop, ebering_ecumenical_altar_box, grunt_decor_cap,
          minmay_shallow_snake_nest

Skill      XL: |  1 |
---------------+----+-----
Axes           | 3 |  3.2
Fighting       | |  3.9
Armour         | |  3.6
Shields        | |  3.6

Action                   || total
-------------------------++-------
Melee: War axe           ||    18
       Headbutt          ||     4
Armor: Scale mail        ||    18
Dodge: Dodged            ||    15
Block: Buckler           ||     9

Table legend: (Time is in decaauts)
 A = Elapsed time spent in this place.
 B = Non-inter-level travel time spent in this place.
 C = Inter-level travel time spent in this place.
 D = Time resting spent in this place.
 E = Time spent auto-exploring this place.
 F = Levels seen in this place.
 G = Mean time per level.
                   A        B        C        D        E       F      G
               +--------+--------+--------+--------+--------+-----+--------+
         Total |    133 |    133 |      0 |      0 |     90 |   1 |  133.0 |
       Dungeon |    133 |    133 |      0 |      0 |     90 |   1 |  133.0 |
               +--------+--------+--------+--------+--------+-----+--------+

Top non-repeatable levels by time:
     D:1: 133 daAuts
